 Dungeon Crawl Stone Soup version 0.26-a0-1139-g7d2dc893a1 (webtiles) character file.

Game seed: 6528284805668546678

383983 Noitcereon the Warrior (level 21, -48/182 HPs)
             Began as a Demonspawn Fighter on Dec 19, 2020.
             Was a High Priest of Okawaru.
             Killed from afar by a lich (57 damage)
             ... with a bolt of lightning
             ... on level 3 of the Crypt on Jan 9, 2021.
             The game lasted 12:58:31 (55674 turns).

Noitcereon the Warrior (Demonspawn Fighter)        Turns: 55674, Time: 12:58:31

Health: -48/182    AC: 39    Str: 28    XL:     21   Next: 96%
Magic:  0/27       EV: 15    Int: 12    God:    Okawaru [*****.]
Gold:   5919       SH: 24    Dex: 14    Spells: 20/20 levels left

rFire    + . .     SeeInvis .   c - +14 lance "Wyrmbane" {slay drac, rPois rF+ rC+ AC+3}
rCold    + + .     Faith    .   t - +0 tower shield
rNeg     + + .     Spirit   +   u - +9 plate armour of Etug Mei {rPois rC+ rN+ Dex+2}
rPois    +         Reflect  .   w - +1 hat {Will+}
rElec    .         Harm     .   f - +2 cloak {Will+}
rCorr    .         Rampage  .   T - +1 pair of gloves {Str+3}
Will     ++++.                  (boots unavailable)
Stlth    ..........             H - amulet of regeneration
HPRegen  0.80/turn              C - ring of positive energy
MPRegen  0.40/turn              o - ring of willpower

@: heroism, marked
A: hooves 3, slimy green scales 2, spiny 3, magic shield, magic regeneration
}: 2/15 runes: barnacled, gossamer
a: Renounce Religion, Heroism, Finesse


You were on level 3 of the Crypt.
You worshipped Okawaru.
Okawaru was extremely pleased with you.
You visited 8 branches of the dungeon, and saw 38 of its levels.
You also visited: Bailey, Ice Cave and Volcano.

You collected 8762 gold pieces.
You spent 2843 gold pieces at shops.

Inventory:

Hand Weapons
 c - the +14 lance "Wyrmbane" (weapon) {slay drac, rPois rF+ rC+ AC+3}
   (Okawaru gifted it to you on level 1 of the Crypt)

   It affects your AC (+3).
   It protects you from fire.
   It protects you from cold.
   It protects you from poison.
Missiles
 i - 46 silver javelins (quivered)
 l - 33 atropa-tipped darts
 G - 7 boomerangs
 I - 4 javelins
Armour
 f - a +2 cloak of willpower (worn)
 t - a +0 tower shield (worn)
 u - the +9 plate armour of Etug Mei (worn) {rPois rC+ rN+ Dex+2}
   (You bought it in a shop on level 11 of the Dungeon)

   It affects your dexterity (+2).
   It protects you from cold.
   It protects you from poison.
   It protects you from negative energy.
 w - a +1 hat of willpower (worn)
 B - the +3 warlock's mirror {reflect}
   (You found it on level 2 of the Vaults)
 T - a +1 pair of gloves of strength (worn)
 V - a +0 crystal plate armour of cold resistance
Jewellery
 a - a +4 ring of evasion
 o - a ring of willpower (right hand)
 p - the ring of Ommuso {+Fly rPois rF- rC+ rCorr}
   (You acquired it on level 10 of the Dungeon)

   [ring of resist corrosion]

   It makes you vulnerable to fire.
   It protects you from cold.
   It protects you from poison.
   It lets you fly.
   It provides partial protection from all sources of acid and corrosion.
 C - a ring of positive energy (left hand)
 H - an amulet of regeneration (around neck)
 U - an uncursed ring of positive energy
Wands
 r - a wand of polymorph (20)
 v - a wand of random effects (14)
 x - a wand of acid (11)
 M - a wand of iceblast (20)
 Q - a wand of disintegration (28)
 R - a wand of paralysis (12)
 S - a wand of digging (10)
 X - a wand of enslavement (7)
Scrolls
 e - 9 scrolls of enchant armour
 g - 16 scrolls of remove curse
 h - 3 scrolls of amnesia
 k - 4 scrolls of magic mapping
 m - 10 scrolls of teleportation
 q - a scroll of silence
 s - 6 scrolls of fog
 A - 20 scrolls of identify
 D - 2 scrolls of fear
 J - a scroll of summoning
 K - a scroll of blinking
Potions
 b - 7 potions of might
 d - 7 potions of curing
 j - 2 potions of cancellation
 n - a potion of brilliance
 z - 4 potions of flight
 E - 4 potions of lignification
 N - 3 potions of haste
 W - 3 potions of ambrosia
 Y - 2 potions of resistance
 Z - 2 potions of invisibility
Miscellaneous
 y - a tin of tremorstones (2/2)
 F - a lightning rod (4/4)
 O - a phial of floods


   Skills:
 + Level 19.9(24.9) Fighting
 - Level 1.0(6.0) Short Blades
 - Level 15.7(21.1) Axes
 - Level 5.9(17.0) Polearms
 - Level 8.0(13.0) Throwing
 - Level 10.0(15.0) Armour
 - Level 10.0(15.0) Dodging
 - Level 15.0(20.0) Shields
 - Level 12.2(17.2) Unarmed Combat
 - Level 8.0 Invocations
 - Level 8.5 Evocations


You had 20 spell levels left.
You didn't know any spells.
Your spell library contained the following spells:

 Spells                   Type           Power        Failure   Level
 Animate Skeleton         Necr           0%           98%         1
 Apportation              Tloc           0%           98%         1
 Beastly Appendage        Tmut           0%           98%         1
 Corona                   Hex            0%           98%         1
 Magic Dart               Conj           0%           98%         1
 Shock                    Conj/Air       0%           98%         1
 Summon Small Mammal      Summ           0%           98%         1
 Blink                    Tloc           N/A          99%         2
 Call Imp                 Summ           0%           99%         2
 Ensorcelled Hibernation  Hex/Ice        0%           99%         2
 Passwall                 Tmut/Erth      0%           99%         2
 Poisonous Vapours        Pois/Air       0%           99%         2
 Searing Ray              Conj           0%           99%         2
 Slow                     Hex            0%           99%         2
 Swiftness                Air            0%           99%         2
 Wereblood                Tmut           0%           99%         2
 Confusing Touch          Hex            0%           100%        3
 Conjure Flame            Conj/Fire      0%           100%        3
 Dazzling Flash           Conj/Hex       0%           100%        3
 Inner Flame              Hex/Fire       0%           100%        3
 Mephitic Cloud           Conj/Pois/Air  0%           100%        3
 Portal Projectile        Hex/Tloc       0%           100%        3
 Spider Form              Tmut/Pois      0%           100%        3
 Static Discharge         Conj/Air       0%           100%        3
 Tukima's Dance           Hex            0%           100%        3
 Airstrike                Air            0%           100%        4
 Cause Fear               Hex            0%           100%        4
 Fulminant Prism          Conj/Hex       0%           100%        4
 Ice Form                 Ice/Tmut       0%           100%        4
 Iskenderun's Mystic Bla  Conj/Tloc      0%           100%        4
 Leda's Liquefaction      Hex/Erth       0%           100%        4
 Passage of Golubria      Tloc           N/A          100%        4
 Blade Hands              Tmut           0%           100%        5
 Lee's Rapid Deconstruct  Erth           0%           100%        5
 Lightning Bolt           Conj/Air       0%           100%        5
 Metabolic Englaciation   Hex/Ice        0%           100%        5
 Silence                  Hex/Air        0%           100%        5
 Yara's Violent Unravell  Hex/Tmut       0%           100%        5
 Freezing Cloud           Conj/Ice/Air   0%           100%        6
 Invisibility             Hex            0%           100%        6
 Ozocubu's Refrigeration  Ice            0%           100%        6
 Simulacrum               Ice/Necr       0%           100%        6
 Haunt                    Necr/Summ      0%           100%        7
 Borgnjor's Revivificati  Necr           0%           100%        8
 Discord                  Hex            0%           100%        8
 Infestation              Necr           0%           100%        8
 Necromutation            Tmut/Necr      0%           100%        8
 Death's Door             Necr           0%           100%        9


Dungeon Overview and Level Annotations

Branches:
Dungeon (15/15)            Temple (1/1) D:5            Lair (6/6) D:10
 Shoals (4/4) Lair:3       Spider (4/4) Lair:4        Slime (0/5) Lair:5
    Orc (2/2) D:12            Elf (0/3) Orc:2        Vaults (3/5) D:14
  Crypt (3/3) Vaults:3       Tomb (0/3) Crypt:3      Depths (0/5) D:15
 Bailey (visited)           IceCv (visited)         Volcano (visited)

Altars:
Ashenzari
Cheibriados
Dithmenos
Elyvilon
Fedhas
Gozag
Hepliaklqana
Kikubaaqudgha
Makhleb
Nemelex Xobeh
Okawaru
Qazlal
Ru
Sif Muna
Trog
Uskayaw
Vehumet
Wu Jian
Xom
Yredelemnul
Zin
The Shining One
Beogh
Jiyva

Shops:
D:9 *   D:11 *   Orc:2 ?(([*   Vaults:1 }

Portals:
Trove: D:12 (give +6 demon whip)

Annotations:
Spider:2 Roxanne


Innate Abilities, Weirdness & Mutations

You have hooves in place of feet.
You are mostly covered in slimy green scales. (AC +3)
You are completely covered in sharp spines.
When hurt, damage is shared between your health and your magic reserves.
You regenerate magic rapidly.


Message History

Something pulls the alarm!
The alarm trap emits a blaring wail!
The mark upon you grows brighter.
You bump into the metal wall.
The lich launches a ball of destructive magic.
An orb of destruction comes into view.
There is a huge open gate here.
The lich gestures at you while chanting.
The bolt of lightning misses you. x2
You're too confused to move!
The orb of destruction hits a stone wall.
The lich casts a spell at you. The bolt of lightning misses you.
The bolt of lightning hits you!!!
* * * LOW HITPOINT WARNING * * *
You bump into the metal wall.
You feel less invigorated.
You feel less confused.
You hear some strange, mumbled words.
The lich casts a spell at you. The bolt of lightning hits you!!!
You die...

... #.## #..# .# ''
#..# .# ... #..#
.#..... #..##.#.....
##.....'.....
#########°.1.......[
#..()[#..@L.........
#.###))..##L''''##..
.. #...###.○.....###
...
##..##...........#
...
#...##...L1......#
#####
#..#######'''#####
#.#
#..#.......^.^...#
#.#
#..#....8.###.8...
#.#
#..#..............#


You could see 2 liches and an Executioner (summoned).

Vanquished Creatures
  Mennas (Vaults:2)
  Boris (twice) (Crypt:1 Crypt:2)
  A curse toe (Crypt:3)
  Nikola (Shoals:3)
  A bone dragon (Crypt:3)
  Jorgrun (Spider:1)
  A lich (Crypt:2)
  2 krakens (Shoals:4)
  A sphinx (Crypt:3)
  Frances (Shoals:2)
  6 ancient champions
  Polyphemus (Shoals:2)
  Agnes (D:15)
  Kirke (Spider:1)
  3 revenants (Crypt:1)
  Donald (Shoals:4)
  Ilsuiw (Shoals:2)
  The ghost of zeramoth the Peltast, a journeyman MiBe of Trog (Orc:2)
  Aizul (Spider:2)
  5 vault wardens
  A deep elf sorcerer (Vaults:3)
  2 curse skulls
  4 emperor scorpions (Spider:4)
  4 ghost moths
  9 ghouls
  9 ironheart preservers
  3 vampire knights
  The ghost of Som Pofo the Severer, a journeyman DDGl of Makhleb (Lair:4)
  2 stone giants
  A deep elf demonologist (Vaults:1)
  Nessos (D:13)
  6 entropy weavers
  Azrael (Spider:1)
  A minotaur (Orc:2)
  3 eidola
  3 spark wasps
  2 ettins
  4 merfolk javelineers
  Josephine (D:15)
  8 merfolk impalers
  2 great orbs of eyes
  2 fire dragons (Vaults:1)
  4 jiangshi (Crypt:1)
  Erolcha (Orc:1)
  6 yaktaur captains
  5 boulder beetles
  3 rakshasas
  3 merfolk avatars
  A quicksilver dragon skeleton (Crypt:3)
  4 catoblepae
  2 hydras
  An ice dragon (Vaults:2)
  8 vault guards
  A fenstrider witch skeleton (Crypt:3)
  A satyr (Shoals:3)
  9 ogre magi
  5 merfolk aquamancers
  9 centaur warriors
  A dancing weapon (Vaults:1)
  31 two-headed ogres
  A queen ant (Lair:4)
  A death knight (Vaults:3)
  9 death yaks
  A deep troll earth mage (Vaults:3)
  A deep troll shaman (Vaults:3)
  5 vampire magi
  Nergalle (Orc:1)
  Urug (Lair:6)
  10 orc high priests
  2 deep elf knights
  2 soul eaters
  2 shadow wraiths
  36 skeletal warriors
  A salamander mystic (Volcano)
  8 sea snakes
  A ghost moth zombie (Crypt:2)
  A glowing orange brain (Vaults:3)
  An anaconda zombie (Crypt:2)
  4 flayed ghosts
  An orange crystal statue (Vaults:1)
  8 deep trolls
  2 unseen horrors
  3 wizards
  5 deep elf archers
  26 harpies
  2 bog bodies (Crypt:3)
  A golden dragon skeleton (Crypt:3)
  10 ironbrand convokers
  2 anaconda skeletons
  4 phantasmal warriors
  3 orc sorcerers
  24 orb spiders
  3 necromancers
  8 orc knights
  4 deep elf magi
  11 ugly things
  18 manticores
  33 wolf spiders
  A sphinx skeleton (Crypt:1)
  3 fauns (Shoals:3)
  15 cyclopes
  A tengu skeleton (Vaults:2)
  6 elephants (Lair:4)
  Maurice (D:8)
  2 stone giant skeletons
  11 merfolk sirens
  4 black mambas
  4 torpor snails
  A guardian serpent (shapeshifter) (Vaults:1)
  14 cane toads
  A moth of wrath (Spider:4)
  6 vault sentinels
  2 ice statues (IceCv)
  A gargoyle (D:13)
  2 cane toads (shapeshifter)
  A red draconian zombie (Crypt:3)
  A white draconian zombie (Crypt:2)
  A dire elephant skeleton (Crypt:3)
  2 water nymphs
  Maggie (D:7)
  8 komodo dragons
  3 freezing wraiths
  7 rime drakes
  19 yaktaurs
  13 ice devils
  2 rime drakes (shapeshifter) (Vaults:1)
  11 demonic crawlers
  9 guardian mummies (Crypt:3)
  2 yaktaur skeletons
  43 jumping spiders
  20 merfolk
  A polar bear (Lair:3)
  A death drake zombie (Crypt:3)
  4 wind drakes
  11 hornets
  7 trolls
  Grinder (D:4)
  A moth of wrath zombie (Crypt:2)
  2 pale draconian skeletons
  A hornet (shapeshifter) (Vaults:1)
  A blink frog (shapeshifter) (Vaults:2)
  2 spectral guardian serpents (Crypt:2)
  9 snapping turtles
  3 dream sheep (Shoals:3)
  14 blink frogs
  9 slime creatures
  A human simulacrum (Vaults:3)
  An ettin skeleton (Crypt:3)
  41 tarantellas
  11 wraiths
  80 redbacks
  38 yaks
  2 flying skulls
  Sigmund (D:6)
  A fire dragon skeleton (Crypt:3)
  6 water elementals
  4 hogs (Spider:1)
  3 wyverns
  A fire bat (D:8)
  A fire elemental (Spider:1)
  17 humans (D:14)
  A wind drake zombie (Crypt:1)
  An ice dragon skeleton (Crypt:3)
  2 basilisks (Lair:4)
  10 wargs
  3 vampire mosquitoes (D:14)
  6 soldier ants
  A soldier ant (shapeshifter) (Vaults:2)
  Duvessa (D:4)
  2 acid dragons
  3 hell hounds
  11 water moccasins
  A deep troll skeleton (Crypt:1)
  2 sky beasts
  16 ice beasts
  39 orc warriors
  3 black bears
  A swamp dragon zombie (Crypt:2)
  3 boggarts (Vaults:2)
  16 ogres
  An eye of draining (D:12)
  2 human zombies (Vaults:2)
  2 phantoms
  15 wolves
  17 centaurs
  An elf zombie (Crypt:1)
  14 bullfrogs
  A cyclops zombie (Crypt:3)
  2 wyvern skeletons
  A scorpion (D:9)
  Dowan (D:4)
  11 wights
  4 electric eels
  8 howler monkeys
  5 centaur zombies
  3 quasits
  33 orc priests
  2 bullfrog zombies (D:12)
  Crazy Yiuf (D:4)
  A bullfrog skeleton (D:4)
  8 hounds
  8 jellies
  15 orc wizards
  5 centaur skeletons
  3 iguanas
  A human skeleton (Crypt:3)
  Natasha (D:2)
  16 worker ants
  An ogre skeleton (Crypt:2)
  A worker ant zombie (D:5)
  10 adders
  3 gnolls (D:11)
  4 shadow imps
  A steam dragon skeleton (Crypt:1)
  8 white imps
  9 ufetubi
  4 oozes
  An iguana zombie (Crypt:2)
  3 adder skeletons
  A worm (D:2)
  3 dart slugs
  3 leopard geckos
  93 orcs
  6 giant cockroaches
  A gnoll zombie (Crypt:3)
  7 hobgoblins
  13 jackals
  4 quokkas
  A river rat zombie (Crypt:1)
  2 ball pythons
  10 bats
  7 frilled lizards
  11 goblins
  A goblin zombie (Crypt:3)
  A jackal zombie (D:5)
  11 kobolds
  5 rats
  6 tentacles (Shoals:4)
1482 creatures vanquished.

Vanquished Creatures (others)
  A reaper (IceCv)
  A wind drake (Shoals:3)
  A merfolk (Shoals:3)
  A snapping turtle (Shoals:2)
  A redback (Spider:1)
  A tarantella (Spider:2)
  4 white imps (IceCv)
  2 ufetubi (IceCv)
  24 fungi
  187 plants
  20 tentacles (Shoals:4)
243 creatures vanquished.

Grand Total: 1725 creatures vanquished

Notes
Turn   | Place    | Note
-------+----------+-------------------------------------------
     0 | D:1      | Noitcereon the Demonspawn Fighter began the quest for the
                  | Orb.
     0 | D:1      | Reached XP level 1. HP: 18/18 MP: 1/1
   282 | D:1      | Gained mutation: You are partially covered in slimy green
                  | scales. (AC +2) [demonic ancestry]
   282 | D:1      | Reached XP level 2. HP: 23/24 MP: 2/2
   614 | D:1      | Gained mutation: When hurt, damage is shared between your
                  | health and your magic reserves. [demonic ancestry]
   614 | D:1      | Reached XP level 3. HP: 20/29 MP: 3/3
  1390 | D:2      | Found a glowing golden altar of the Shining One.
  1534 | D:2      | Reached XP level 4. HP: 34/36 MP: 4/4
  1674 | D:2      | Found an ancient bone altar of Kikubaaqudgha.
  1783 | D:2      | Noticed Natasha
  1785 | D:2      | Killed Natasha
  1786 | D:2      | Reached skill level 4 in Fighting
  2401 | D:3      | Reached XP level 5. HP: 43/43 MP: 5/5
  2867 | D:3      | Reached skill level 5 in Fighting
  3349 | D:4      | Reached XP level 6. HP: 44/52 MP: 6/6
  3351 | D:4      | Reached skill level 6 in Fighting
  3523 | D:4      | Noticed Duvessa
  3534 | D:4      | Noticed Dowan
  3548 | D:4      | Killed Dowan
  3566 | D:4      | Killed Duvessa
  3567 | D:4      | Reached skill level 5 in Axes
  3567 | D:4      | Gained mutation: You are partially covered in sharp spines.
                  | [demonic ancestry]
  3567 | D:4      | Reached XP level 7. HP: 47/58 MP: 7/7
  3635 | D:4      | Noticed Grinder
  3769 | D:4      | Paralysed by Grinder for 3 turns
  3784 | D:4      | Killed Grinder
  4262 | D:4      | Learned a level 1 spell: Corona
  4370 | D:4      | Found a runed translucent door.
  4371 | D:4      | Noticed Crazy Yiuf
  4380 | D:4      | Paralysed by Crazy Yiuf for 4 turns
  4381 | D:4      | Killed Crazy Yiuf
  4382 | D:4      | Reached skill level 7 in Fighting
  4588 | D:5      | Entered Level 5 of the Dungeon
  4669 | D:5      | Reached XP level 8. HP: 53/67 MP: 6/8
  5007 | D:5      | Found a staircase to the Ecumenical Temple.
  5018 | Temple   | Entered the Ecumenical Temple
  5335 | D:6      | Noticed Pikel
  5338 | D:6      | Noticed Pikel
  5338 | D:6      | Pikel changed into Pikel the ogre
  5345 | D:6      | Killed Pikel the ogre
  5402 | D:6      | Reached skill level 8 in Fighting
  5454 | D:6      | Noticed Sigmund
  5488 | D:6      | Killed Sigmund
  5551 | D:6      | Reached skill level 1 in Evocations
  6042 | D:7      | Noticed Maggie
  6060 | D:7      | Reached skill level 5 in Evocations
  6060 | D:7      | Gained mutation: You are mostly covered in sharp spines.
                  | [demonic ancestry]
  6060 | D:7      | Reached XP level 9. HP: 48/74 MP: 6/9
  6327 | Temple   | Became a worshipper of Warmaster Okawaru
  6444 | D:7      | Killed Maggie
  6445 | D:7      | Reached skill level 9 in Fighting
  7084 | D:8      | Noticed Psyche
  7089 | D:8      | Noticed Psyche
  7089 | D:8      | Psyche changed into Psyche the fire bat
  7094 | D:8      | Killed Psyche the fire bat
  7095 | D:8      | Reached skill level 10 in Fighting
  7099 | D:8      | Found a sparkling altar of Nemelex Xobeh.
  7157 | D:8      | Noticed a skeletal warrior
  7170 | D:8      | Killed a skeletal warrior
  7170 | D:8      | Reached * piety under Okawaru
  7178 | D:8      | Noticed a skeletal warrior
  7179 | D:8      | Noticed a skeletal warrior
  7179 | D:8      | Noticed a skeletal warrior
  7179 | D:8      | Noticed Maurice
  7180 | D:8      | Noticed a skeletal warrior
  7435 | D:8      | Paralysed by something for 6 turns
  7461 | D:8      | Killed Maurice
  7480 | D:8      | Killed a skeletal warrior
  7481 | D:8      | Gained mutation: You are mostly covered in slimy green
                  | scales. (AC +3) [demonic ancestry]
  7481 | D:8      | Reached XP level 10. HP: 82/86 MP: 5/10
  7626 | D:8      | Reached ** piety under Okawaru
  7795 | D:8      | Noticed a centaur warrior
  7803 | D:8      | Killed a centaur warrior
  7804 | D:8      | Reached skill level 11 in Fighting
  7903 | D:8      | Killed a skeletal warrior
  8193 | D:8      | Reached *** piety under Okawaru
  8306 | D:8      | Killed a skeletal warrior
  8307 | D:8      | Reached skill level 1 in Invocations
  8365 | D:8      | Killed a skeletal warrior
  8366 | D:8      | Reached skill level 1 in Throwing
  9200 | D:9      | Found Banas's General Store.
  9206 | D:9      | Bought a scroll of fear for 45 gold pieces
  9206 | D:9      | Bought a scroll of identify for 26 gold pieces
  9206 | D:9      | Bought 3 scrolls of remove curse for 117 gold pieces
  9206 | D:9      | Bought a scroll of identify for 26 gold pieces
  9321 | D:9      | Reached **** piety under Okawaru
  9740 | D:9      | Reached XP level 11. HP: 93/93 MP: 13/13
  9845 | D:10     | Entered Level 10 of the Dungeon
  9917 | D:10     | Killed an unseen horror
 10057 | D:10     | Reached skill level 5 in Shields
 10202 | D:10     | Found a staircase to the Lair.
 10247 | D:10     | Noticed an ogre mage
 10256 | D:10     | Noticed a two-headed ogre
 10257 | D:10     | Noticed a two-headed ogre
 10259 | D:10     | Noticed a two-headed ogre
 10277 | D:10     | Killed a two-headed ogre
 10277 | D:10     | Reached ***** piety under Okawaru
 10659 | D:10     | Killed a two-headed ogre
 10930 | D:10     | Killed a two-headed ogre
 10930 | D:10     | Received a gift from Okawaru
 10935 | D:10     | Killed an ogre mage
 10936 | D:10     | Reached skill level 12 in Fighting
 11401 | Lair:1   | Entered Level 1 of the Lair of Beasts
 11731 | Lair:1   | Reached skill level 5 in Invocations
 11753 | Lair:1   | Received a gift from Okawaru
 12171 | Lair:2   | Received a gift from Okawaru
 12172 | Lair:2   | Reached XP level 12. HP: 85/103 MP: 7/16
 12702 | Lair:2   | Noticed an eight-headed hydra
 12737 | Lair:2   | Killed an eight-headed hydra
 13200 | Lair:3   | Received a gift from Okawaru
 13460 | Lair:3   | Found a staircase to the Shoals.
 13486 | Lair:3   | Reached skill level 10 in Axes
 13498 | Lair:3   | Reached skill level 13 in Fighting
 13956 | Lair:3   | Noticed an eight-headed hydra
 13971 | Lair:3   | Killed a ten-headed hydra
 14801 | Shoals:1 | Entered Level 1 of the Shoals
 15121 | Shoals:1 | Reached skill level 14 in Fighting
 15121 | Shoals:1 | Reached skill level 5 in Throwing
 15138 | Shoals:1 | Received a gift from Okawaru
 15307 | Shoals:1 | Gained mutation: You regenerate magic rapidly. [demonic
                  | ancestry]
 15307 | Shoals:1 | Reached XP level 13. HP: 41/113 MP: 10/18
 16700 | Lair:4   | Noticed an entropy weaver
 16704 | Lair:4   | Noticed an entropy weaver
 16742 | Lair:4   | Killed an entropy weaver
 16919 | Lair:4   | Received a gift from Okawaru
 16931 | Lair:4   | Killed an entropy weaver
 17889 | Lair:4   | Reached skill level 15 in Fighting
 18152 | Lair:4   | Received a gift from Okawaru
 18592 | Lair:4   | Found a runed translucent gate.
 18593 | Lair:4   | Found a runed translucent gate.
 18593 | Lair:4   | Noticed Som Pofo's ghost (journeyman DDGl)
 18594 | Lair:4   | Found a runed translucent gate.
 18822 | Lair:4   | Found a viscous altar of Jiyva.
 18960 | Lair:4   | Found a hole to the Spider Nest.
 19023 | Spider:1 | Entered Level 1 of the Spider Nest
 19245 | Lair:5   | Found a frozen archway.
 19269 | IceCv    | Entered an ice cave
 19492 | IceCv    | Killed a reaper
 20967 | Lair:5   | Received a gift from Okawaru
 21115 | Lair:5   | Found a viscous altar of Jiyva.
 21115 | Lair:5   | Found a staircase to the Slime Pits.
 21434 | Lair:6   | Entered Level 6 of the Lair of Beasts
 21446 | Lair:6   | Gained mutation: You have large cloven feet. [demonic
                  | ancestry]
 21446 | Lair:6   | Reached XP level 14. HP: 110/123 MP: 17/19
 22593 | Lair:6   | Received a gift from Okawaru
 22611 | Lair:6   | Reached ****** piety under Okawaru
 22615 | Lair:6   | Received a gift from Okawaru
 23051 | Lair:6   | Noticed Urug
 23071 | Lair:6   | Killed Urug
 23713 | D:10     | Upgraded the game from 0.26-a0-1132-ge9770dfcb6 to
                  | 0.26-a0-1139-g7d2dc893a1
 24016 | D:11     | Found Ukismow's General Store.
 24068 | D:11     | Bought the +9 plate armour of Etug Mei {rPois rC+ rN+
                  | Dex+2} for 1229 gold pieces
 24190 | D:11     | Found a shadowy altar of Dithmenos.
 24504 | D:12     | Found a portal to a secret trove of treasure.
 24741 | D:12     | Found a staircase to the Orcish Mines.
 24823 | D:12     | Reached skill level 10 in Shields
 24823 | D:12     | Received a gift from Okawaru
 25300 | D:13     | Found a sacrificial altar of Ru.
 25388 | D:13     | Reached skill level 16 in Fighting
 25635 | D:13     | Identified a scroll of acquirement
 25867 | D:13     | Noticed Nessos
 25896 | D:13     | Killed Nessos
 26337 | D:14     | Found a flagged portal.
 26388 | Bailey   | Entered a bailey
 26416 | Bailey   | Received a gift from Okawaru
 26830 | Bailey   | Received a gift from Okawaru
 27274 | D:14     | Gained mutation: You have hoof-like feet. [demonic
                  | ancestry]
 27274 | D:14     | Reached XP level 15. HP: 132/132 MP: 20/20
 27771 | D:14     | Found a gate to the Vaults.
 28045 | D:14     | Received a gift from Okawaru
 28287 | D:15     | Entered Level 15 of the Dungeon
 28649 | D:15     | Noticed Josephine
 28659 | D:15     | Killed Josephine
 28660 | D:15     | Reached skill level 17 in Fighting
 29080 | D:15     | Received a gift from Okawaru
 29223 | D:15     | Noticed Agnes
 29236 | D:15     | Killed Agnes
 29550 | D:15     | Found a staircase to the Depths.
 29640 | Orc:1    | Entered Level 1 of the Orcish Mines
 29664 | Orc:1    | Noticed Nergalle
 29674 | Orc:1    | Killed Nergalle
 30214 | Orc:2    | Entered Level 2 of the Orcish Mines
 30271 | Orc:2    | Found a staircase to the Elven Halls.
 30481 | Orc:2    | Found a dark tunnel.
 30489 | Volcano  | Entered a volcano
 30526 | Volcano  | Acquired 1389 gold pieces
 30570 | Volcano  | Found a bloodstained altar of Trog.
 30957 | Orc:2    | Found a roughly hewn altar of Beogh.
 31026 | Orc:2    | Reached skill level 1 in Unarmed Combat
 31026 | Orc:2    | Reached XP level 16. HP: 63/142 MP: 16/21
 31132 | Orc:2    | Noticed zeramoth's ghost (journeyman MiBe)
 31532 | Orc:2    | Found a runed translucent gate.
 31533 | Orc:2    | Found a runed translucent gate.
 31565 | Orc:2    | Found a runed translucent gate.
 31610 | Orc:2    | Found Julises's Assorted Antiques.
 31662 | Orc:2    | Bought a scroll of teleportation for 84 gold pieces
 31727 | Orc:2    | Found Zuatyugi's Antique Armour Shoppe.
 31727 | Orc:2    | Found Zaekut's Antique Weapon Shop.
 31742 | Orc:2    | Bought a shiny helmet for 210 gold pieces
 31857 | Orc:2    | Found Hess's Weapon Shoppe.
 31857 | Orc:2    | Found Zamipt's Magic Scroll Shop.
 31871 | Orc:2    | Bought a scroll of acquirement for 676 gold pieces
 31871 | Orc:2    | Bought a scroll of teleportation for 39 gold pieces
 31871 | Orc:2    | Bought a scroll of blinking for 97 gold pieces
 31876 | Orc:2    | Acquired 1222 gold pieces
 32315 | Orc:2    | Reached skill level 1 in Polearms
 32324 | Orc:2    | Killed zeramoth's ghost
 32450 | Orc:1    | Noticed Erolcha
 32457 | Orc:1    | Killed Erolcha
 32967 | Spider:1 | Received a gift from Okawaru
 33520 | Spider:1 | Received a gift from Okawaru
 34287 | Spider:1 | Noticed Azrael
 34675 | Spider:1 | Killed Azrael
 34675 | Spider:1 | Noticed Jorgrun
 34697 | Spider:1 | Killed Jorgrun
 35311 | Spider:1 | Noticed Kirke
 35320 | Spider:1 | Noticed a sphinx
 35321 | Spider:1 | Reached skill level 5 in Armour
 35329 | Spider:1 | Paralysed by a sphinx for 6 turns
 35333 | Spider:1 | Noticed a sphinx
 35690 | Spider:1 | Killed Kirke
 37706 | Spider:2 | Noticed Aizul
 37720 | Spider:2 | Killed Aizul
 37756 | Spider:2 | Identified Roxanne's Reference Book on Shape Shifting
 37756 | Spider:2 | Noticed Roxanne
 38597 | Spider:3 | Reached skill level 18 in Fighting
 38616 | Spider:3 | Received a gift from Okawaru
 38641 | Spider:3 | Reached XP level 17. HP: 119/149 MP: 20/22
 38842 | Spider:3 | Received a gift from Okawaru
 39456 | Spider:4 | Entered Level 4 of the Spider Nest
 39532 | Spider:4 | Received a gift from Okawaru
 39898 | Spider:4 | Reached skill level 5 in Polearms
 39963 | Spider:4 | Reached skill level 5 in Unarmed Combat
 40997 | Spider:4 | Reached skill level 5 in Dodging
 41018 | Spider:4 | Received a gift from Okawaru
 41142 | Spider:4 | Got a gossamer rune of Zot
 41721 | Lair:4   | Killed Som Pofo's ghost
 41744 | Lair:4   | Reached XP level 18. HP: 156/157 MP: 23/23
 42315 | Shoals:2 | Noticed Ilsuiw
 42656 | Shoals:2 | Noticed Polyphemus
 42661 | Shoals:2 | Killed Ilsuiw
 42793 | Shoals:2 | Killed Polyphemus
 43197 | Shoals:2 | Noticed Frances
 43204 | Shoals:2 | Killed Frances
 43205 | Shoals:2 | Reached skill level 10 in Unarmed Combat
 43311 | Shoals:2 | Gained mutation: You have hooves in place of feet. [demonic
                  | ancestry]
 43311 | Shoals:2 | Reached XP level 19. HP: 163/163 MP: 24/24
 44201 | Shoals:3 | Noticed Nikola
 44478 | Shoals:3 | Received a gift from Okawaru
 44608 | Shoals:3 | Killed Nikola
 45278 | Shoals:4 | Entered Level 4 of the Shoals
 45886 | Shoals:4 | Noticed Donald
 45924 | Shoals:4 | Killed Donald
 46645 | Shoals:4 | Got a barnacled rune of Zot
 46877 | Shoals:4 | Reached skill level 15 in Axes
 47594 | Vaults:1 | Entered Level 1 of the Vaults
 47624 | Vaults:1 | Received a gift from Okawaru
 47673 | Vaults:1 | Paralysed by a hornet for 3 turns
 48130 | Vaults:1 | Received a gift from Okawaru
 48299 | Vaults:1 | Received a gift from Okawaru
 48361 | Vaults:1 | Found Ebbokke's Gadget Shop.
 48383 | Vaults:1 | Bought a wand of polymorph (12) for 196 gold pieces
 48383 | Vaults:1 | Bought a wand of enslavement (5) for 98 gold pieces
 49034 | Vaults:2 | Reached XP level 20. HP: 153/171 MP: 23/26
 49042 | Vaults:2 | Received a gift from Okawaru
 49087 | Vaults:2 | Noticed Mennas
 49116 | Vaults:2 | Killed Mennas
 49283 | Vaults:2 | Found the +3 warlock's mirror {reflect}
 49536 | Vaults:2 | Reached skill level 15 in Shields
 49714 | Vaults:2 | Received a gift from Okawaru
 50802 | Vaults:3 | Received a gift from Okawaru
 51093 | Vaults:3 | Identified the cursed +2 dagger "Seith" {freeze, Str+4
                  | Int-4}
 51101 | Vaults:3 | Received a gift from Okawaru
 51319 | Vaults:3 | Found a staircase to the Crypt.
 51323 | Crypt:1  | Entered Level 1 of the Crypt
 51374 | Crypt:1  | Gained mutation: You are completely covered in sharp
                  | spines. [demonic ancestry]
 51374 | Crypt:1  | Reached XP level 21. HP: 152/175 MP: 20/27
 51485 | Crypt:1  | Received a gift from Okawaru
 51486 | Crypt:1  | Reached skill level 1 in Short Blades
 51486 | Crypt:1  | Found the +8 lance "Wyrmbane" {slay drac, rPois rF+ rC+
                  | AC+3}
 51713 | Crypt:1  | Noticed Boris
 51997 | Crypt:1  | Killed Boris
 52387 | D:10     | Acquired the ring of Ommuso {+Fly rPois rF- rC+ rCorr}
 53452 | Crypt:2  | Noticed Boris
 53489 | Crypt:2  | Killed Boris
 53489 | Crypt:2  | Received a gift from Okawaru
 53629 | Crypt:2  | Reached skill level 10 in Armour
 53629 | Crypt:2  | Reached skill level 10 in Dodging
 53769 | Crypt:2  | Received a gift from Okawaru
 54299 | Crypt:3  | Entered Level 3 of the Crypt
 54332 | Crypt:2  | Received a gift from Okawaru
 54599 | Crypt:3  | Reached skill level 19 in Fighting
 54980 | Crypt:3  | Found a staircase to the Tomb.
 55238 | Crypt:3  | Noticed a curse toe
 55302 | Crypt:3  | Killed a curse toe
 55341 | Crypt:3  | Received a gift from Okawaru
 55390 | Crypt:3  | Received a gift from Okawaru
 55660 | Crypt:3  | Noticed an ancient lich
 55667 | Crypt:3  | HP: 6/182 [lich/bolt of lightning (8)]
 55673 | Crypt:3  | HP: 5/182 [lich/bolt of lightning (30)]
 55674 | Crypt:3  | Killed from afar by a lich

Illustrated notes

Levels and vault maps discovered:
D:1:      ebering_trefoil_twist, layout_basic, dk_noncrumbling_4,
          supply_closet_lemuel, minmay_crystal_room
D:2:      layout_loops_ring, kiku_gazebo_pond_becter, st_stairs_13,
          nicolae_tso_swordbearing_angel, uniq_natasha
D:3:      layout_basic
D:4:      layout_loops_cross, uniq_duvessa, uniq_crazy_yiuf_cottage,
          uniq_grinder
D:5:      layout_loops_ring, minmay_temple_entry_enclosed_plants
D:6:      layout_cave_pools, uniq_sigmund, uniq_pikel
D:7:      layout_basic, minmay_statues_item, uniq_maggie
D:8:      layout_gridville, basic_altar, uniq_maurice, uniq_psyche
D:9:      layout_basic, serial_shops, kennysheep_little_box,
          kennysheep_generic_room_5
D:10:     layout_small_grid, dpeg_oklobed_lair
D:11:     layout_roguey, serial_shops, shop, grunt_dithmenos_shadows
D:12:     layout_stronghold, orc_0_dummy, enter_trove_2, chequers_garden
D:13:     minmay_ice_pillars, layout_rooms, basic_altar, grunt_decor_cap,
          minivault_21, uniq_nessos
D:14:     layout_long_grid, grunt_vaults_entry_tiered, corexii_corridor_pit,
          enter_bailey_5, minmay_misc_feat_x
D:15:     hangedman_depths_entry_civil_slaughter, layout_long_grid,
          corexii_hall_statues_i, uniq_agnes, uniq_josephine
Temple:   regret_index_temple_sigil_plot
Lair:1:   layout_big_grid, grunt_megastairs_5
Lair:2:   layout_chaotic_city, lemuel_fruit_tree, grunt_megastairs_1
Lair:3:   layout_hall_layers, elwin_shoals_entry_stream
Lair:4:   layout_long_grid, spider_nest_entry_funnel_web, gammafunk_ghost_ooze,
          st_stairs_4, wad_woods_antlair, lemuel_fruit_fields
Lair:5:   layout_loops_ring, dpeg_slime_entry_enclosed_altar,
          portal_ice_cave_demonic_guard
Lair:6:   evilmike_catoblepas_cave, layout_big_grid, uniq_urug
Shoals:1: layout_shoals
Shoals:2: layout_shoals, st_cyclops, uniq_frances, uniq_ilsuiw, uniq_polyphemus
Shoals:3: layout_shoals, uniq_nikola
Shoals:4: shoals_end_simple, layout_shoals, uniq_donald
Spider:1: layout_spider_delve, uniq_azrael, uniq_jorgrun, uniq_kirke
Spider:2: layout_spider_delve, hangedman_spider_tarantella_strand, uniq_roxanne,
          uniq_aizul
Spider:3: layout_spider_delve
Spider:4: spider_rune_water
Orc:1:    layout_caves, guppyfry_orc_lava_fort, uniq_nergalle, uniq_erolcha
Orc:2:    st_orc_town, layout_diamond_mine, enter_volcano_1,
          maelrawn_ghost_gauntlet_escape, serial_shops,
          nicolae_shop_window_shopping
Vaults:1: ontoclasm_vaults_bender, nicolae_vaults_statue_guard,
          nicolae_vaults_puzzle_piece, v_rooms_3, grunt_vaults_hallway_short,
          v_misc_5, ontoclasm_vaults_gateway, grunt_vaults_hallway_short,
          v_alt_pattern_4, nicolae_vaults_angled_halls,
          nicolae_vaults_specimen_jars, vaults_room_door_hall,
          nicolae_vaults_what_the_h, layout_vaults_maze_bifur, serial_shops,
          shop
Vaults:2: dpeg_vaults_monster_box, v_misc_5, st_cells, hangedman_vaults_nails,
          v_misc_12, hangedman_vaults_stream, nicolae_vaults_network_square,
          nicolae_vaults_shelves_hall, hangedman_vaults_impose, v_misc_15,
          nicolae_vaults_theta, layout_vaults_omnibox, uniq_mennas
Vaults:3: minmay_crypt_entry_simple_walls, nicolae_vaults_hallways_thing,
          v_misc_15, nicolae_vaults_angled_halls, vaults_dpeg_encased_lava,
          v_misc_18, ontoclasm_vaults_fault, nicolae_vaults_c_with_doors,
          hangedman_vaults_corner_blocks, vaults_mumra_chevron,
          nicolae_vaults_ring_of_whatevers, v_misc_30, layout_vaults_big_cross
Crypt:1:  layout_basic, grunt_crypt_arrival_split, uniq_boris
Crypt:2:  layout_rooms, nrook_guardian_serpent_ordinary
Crypt:3:  david_glass_crypt, layout_gridlike, tomb_entry_sphere_bobbens,
          serial_co_window_serial, co_window_paths_a, co_window_paths_b,
          co_window_paths_b, co_window_paths_b, co_window_of_opportunity_a,
          co_window_broadway_b, co_window_corner_b, co_window_2corner,
          co_window_corner_b, co_window_4corner_b, co_window_4corner_a,
          glass_columns_b, glass_columns_a, glass_columns_c, glass_columns_a,
          glass_columns_c

Skill      XL: |  1  2  3  4  5  6  7  8  9 10 11 12 13 14 15 16 17 18 19 20 21 |
---------------+----------------------------------------------------------------+-----
Axes           | 2 3 5 6 7 8 9 10 11 12 13 14 15 | 15.7
Armour         | 3 5 8 10 | 10.0
Shields        | 3 4 6 8 10 11 12 13 15 | 15.0
Fighting       | 4 5 6 7 8 10 11 12 14 15 16 17 18 19 | 19.9
Dodging        | 3 5 8 10 | 10.0
Evocations     | 5 6 7 8 |  8.5
Invocations    | 3 6 7 8 |  8.0
Throwing       | 2 3 5 6 7 8 |  8.0
Unarmed Combat | 1 4 8 10 12 | 12.2
Polearms       | 4 5 |  5.9
Short Blades   | 1 |  1.0

Action                   |  1- 3 |  4- 6 |  7- 9 | 10-12 | 13-15 | 16-18 | 19-21 || total
-------------------------+-------+-------+-------+-------+-------+-------+-------++-------
Melee: War axe           |   114 |   226 |   159 |   323 |   648 |       |       ||  1470
       Broad axe         |       |       |    61 |   138 |   696 |   923 |   925 ||  2743
       Kick              |       |       |       |       |   123 |       |   899 ||  1022
       Unarmed           |       |       |       |       |       |     1 |       ||     1
       Lance             |       |       |       |       |       |       |  1000 ||  1000
Throw: Dart              |     6 |     1 |     9 |    34 |    87 |     4 |       ||   141
       Boomerang         |       |       |       |    25 |       |       |       ||    25
       Javelin           |       |       |       |       |    19 |       |    34 ||    53
Invok: Heroism           |       |       |       |    13 |    32 |    20 |    24 ||    89
       Finesse           |       |       |       |     2 |     9 |     6 |     6 ||    23
 Abil: Evoke Flight      |       |       |       |       |       |       |     1 ||     1
Evoke: Wand              |       |       |    11 |     6 |       |       |       ||    17
       Lightning rod     |       |       |       |     7 |       |       |       ||     7
       Phial of floods   |       |       |       |       |     1 |       |       ||     1
  Use: Potion            |     1 |     4 |     5 |     4 |    14 |     8 |     4 ||    40
       Scroll            |       |    11 |    12 |     7 |    25 |    10 |     9 ||    74
 Stab: Held in net/web   |       |       |       |       |       |     1 |       ||     1
       Petrified         |       |       |       |       |       |     7 |       ||     7
       Petrifying        |       |       |       |       |       |     1 |       ||     1
Armor: Scale mail        |    71 |       |       |       |       |       |       ||    71
       Chain mail        |     8 |     2 |       |       |       |       |       ||    10
       Plate armour      |       |   180 |   144 |   228 |   489 |   834 |   586 ||  2461
       Skin              |       |       |       |    17 |       |       |       ||    17
       Crystal plate arm |       |       |       |       |   112 |       |       ||   112
Dodge: Dodged            |    37 |    29 |    24 |    98 |   263 |   421 |   471 ||  1343
Block: Kite shield       |    81 |   129 |    87 |   256 |   782 |   727 |   397 ||  2459
       Tower shield      |       |       |       |       |       |       |   902 ||   902

Table legend: (Time is in decaauts)
 A = Elapsed time spent in this place.
 B = Non-inter-level travel time spent in this place.
 C = Inter-level travel time spent in this place.
 D = Time resting spent in this place.
 E = Time spent auto-exploring this place.
 F = Levels seen in this place.
 G = Mean time per level.
                   A        B        C        D        E       F      G
               +--------+--------+--------+--------+--------+-----+--------+
         Total |  55630 |  53032 |   2598 |  14613 |  18532 |  41 | 1356.8 |
       Dungeon |  17024 |  16160 |    864 |   2061 |   7634 |  15 | 1134.9 |
        Temple |    204 |    149 |     55 |      0 |    107 |   1 |  204.0 |
          Lair |  12401 |  11668 |    733 |   4230 |   4573 |   6 | 2066.8 |
        Shoals |   7208 |   7048 |    160 |   2602 |   1529 |   4 | 1802.0 |
   Spider Nest |   6356 |   6175 |    181 |   2582 |   1427 |   4 | 1589.0 |
  Orcish Mines |   2893 |   2817 |     76 |    660 |   1049 |   2 | 1446.5 |
        Vaults |   4046 |   3608 |    438 |    371 |   1347 |   3 | 1348.7 |
         Crypt |   3374 |   3286 |     88 |    840 |    763 |   3 | 1124.7 |
        Bailey |    854 |    854 |      0 |    665 |      0 |   1 |  854.0 |
      Ice Cave |   1033 |   1033 |      0 |    557 |     58 |   1 | 1033.0 |
       Volcano |    233 |    233 |      0 |     45 |     42 |   1 |  233.0 |
               +--------+--------+--------+--------+--------+-----+--------+

Top non-repeatable levels by time:
  Lair:4: 4474 daAuts
  Lair:3: 2550 daAuts
Shoals:1: 2462 daAuts
  Lair:6: 2125 daAuts
Spider:4: 2122 daAuts
Shoals:4: 2017 daAuts
    D:10: 1774 daAuts
   Orc:2: 1734 daAuts
     D:8: 1646 daAuts
Spider:2: 1643 daAuts
Vaults:1: 1483 daAuts
Spider:1: 1468 daAuts
Shoals:3: 1437 daAuts
     D:4: 1412 daAuts
    D:15: 1329 daAuts
